 Dungeon Crawl Stone Soup version 0.17.1-3-g152610e (webtiles) character file.

126 Mechanique the Conjurer (level 4, -7/30 HPs)
             Began as a Mummy Conjurer on Mar 10, 2016.
             Mangled by a gnoll
             ... wielding a +0 flail
              (12 damage)
             ... on level 2 of the Dungeon.
             The game lasted 00:11:40 (3921 turns).

Mechanique the Conjurer (Mummy Conjurer)            Turns: 3921, Time: 00:11:40

Health: -7/30      AC:  2    Str: 11    XL:     4   Next: 84%
Magic:  1/8        EV: 12    Int: 15    God:
Gold:   104        SH:  0    Dex: 12    Spells: 3 memorised, 1 level left

rFire  . . .     SeeInvis .     f - +0 whip (freeze)
rCold  . . .     Clarity  .     a - +0 robe
rNeg   + + +     SustAt   .     (no shield)
rPois  ∞         Gourm    .     (no helmet)
rElec  .         Spirit   .     (no cloak)
rCorr  .         Warding  .     (no gloves)
rMut   .         Stasis   .     (no boots)
MR     .....                    (no amulet)
Stlth  ++........               (no ring)
                                d - ring of fire

@: not resistant to hostile enchantments, unstealthy
A: no food or potions, fire vulnerability, cold resistance 1, negative energy
resistance 3, torment resistance, unbreathing
a: no special abilities


You were on level 2 of the Dungeon.
You were not hungry.

You visited 1 branch of the dungeon, and saw 3 of its levels.

You collected 104 gold pieces.

Inventory:

Hand Weapons
 f - a +0 whip of freezing (weapon)
Armour
 a - a +0 robe (worn)
Jewellery
 d - a ring of fire (left hand)
Books
 b - a book of Conjurations

   Spells                             Type                      Level
   a - Magic Dart                     Conjuration                  1
   b - Searing Ray                    Conjuration                  2
   c - Dazzling Spray                 Conjuration/Hexes            3
   d - Fulminant Prism                Conjuration/Hexes            4
   e - Iskenderun's Mystic Blast      Conjuration                  4
   f - Iskenderun's Battlesphere      Conjuration/Charms           5


   Skills:
 + Level 2.3 Dodging
 - Level 1.5 Stealth
 + Level 2.7 Spellcasting
 + Level 4.4 Conjurations


You had one spell level left.
You knew the following spells:

 Your Spells              Type           Power        Failure   Level  Hunger
a - Magic Dart            Conj           ###.         3%          1    N/A
b - Searing Ray           Conj           ###...       6%          2    N/A
c - Iskenderun's Mystic   Conj           ###.....     34%         4    N/A

Dungeon Overview and Level Annotations

Branches:
Dungeon (3/15)

Altars:
Cheibriados
Okawaru
Qazlal
Xom


Innate Abilities, Weirdness & Mutations

You do not eat or drink.
Your flesh is vulnerable to fire.
You are immune to poison.
Your flesh is cold resistant.
You are immune to negative energy.
You are immune to unholy pain and torment.
You can survive without breathing.


Message History

Casting: Magic Dart
Confirm with . or Enter, or press ? or * to list all spells.
Aiming: Magic Dart
Press: ? - help, Shift-Dir - straight line, f/p - gnoll
Aim: a gnoll, wielding a flail (heavily wounded)
The magic dart hits the gnoll.
The gnoll is severely wounded.
Casting: Magic Dart
Confirm with . or Enter, or press ? or * to list all spells.
Aiming: Magic Dart
Press: ? - help, Shift-Dir - straight line, f/p - gnoll
Aim: a gnoll, wielding a flail (severely wounded)
The magic dart hits the gnoll.
The gnoll is almost dead.
The gnoll hits you with a flail.
* * * LOW HITPOINT WARNING * * *
You barely miss the gnoll.
The gnoll is almost dead.
The gnoll hits you with a flail!
You die...

..#.....# ##...## #.# ###
....#.#.# ##)## #.#####.##
........# #.# #....<...#
###.#.### #.# #######.## ###.#.#
##'## #.# ......# ##...## #.#
###.#.# ##.....## ### #.# #
#.#.## ##.......## ##.###.#
###....####....)@g..####...##.###
##........'......)>.'............
##.#...####......)..###.#########
##.##.## ##...!...## #..........
##.##.# ##.....## #.#...#...#
......# ##...## #..........
##.#### ##'## #.#...#...# #.# #.#
#.......... #.# #.# #.#########


You could see a gnoll.

Vanquished Creatures
  3 adders
  2 gnolls
  An ooze (D:2)
  A worm (D:2)
  An orc (D:3)
  3 ball pythons
  3 giant cockroaches
  6 goblins
  7 hobgoblins
  7 jackals
  8 bats
  3 giant geckos
  2 giant newts (D:2)
  10 kobolds
  8 rats
65 creatures vanquished.

Vanquished Creatures (others)
  An adder (D:3)
  A kobold (D:3)
2 creatures vanquished.

Grand Total: 67 creatures vanquished

Notes
Turn   | Place    | Note
--------------------------------------------------------------
     0 | D:1      | Mechanique the Mummy Conjurer began the quest for the Orb.
     0 | D:1      | Reached XP level 1. HP: 13/13 MP: 3/3
   334 | D:1      | Reached XP level 2. HP: 19/19 MP: 0/5
   338 | D:1      | Learned a level 2 spell: Searing Ray
  1617 | D:2      | Reached skill level 4 in Conjurations
  1617 | D:2      | Reached XP level 3. HP: 24/24 MP: 0/6
  1706 | D:2      | Found a shimmering altar of Xom.
  2214 | D:2      | Found a stormy altar of Qazlal.
  3020 | D:3      | Reached XP level 4. HP: 30/30 MP: 4/7
  3361 | D:3      | Found an iron altar of Okawaru.
  3421 | D:3      | Found a snail-covered altar of Cheibriados.
  3659 | D:2      | Learned a level 4 spell: Iskenderun's Mystic Blast
  3921 | D:2      | Mangled by a gnoll

Action                   |  1- 3 |  4- 6 || total
-------------------------+-------+-------++-------
Melee: Short sword       |     8 |       ||     8
       Whip              |    24 |    38 ||    62
 Cast: Magic Dart        |   117 |    62 ||   179
  Use: Scroll            |       |     4 ||     4
